 Dungeon Crawl Stone Soup version 0.31.0-32-g396128a36d (webtiles) character file.

Game seed: 3458488531193900393

392 cdecastro the Trooper (level 6, -1/56 HPs)
             Began as an Armataur Warper on Mar 18, 2024.
             Was an Initiate of Ashenzari.
             Splashed by a jelly's acid (6 damage)
             ... on level 4 of the Dungeon.
             The game lasted 00:04:02 (3345 turns).

cdecastro the Trooper (Armataur Warper)             Turns: 3345, Time: 00:04:03

Health: -1/56      AC:  1    Str: 17    XL:     6   Next: 50%
Magic:  8/8        EV:  8    Int: 15    God:    Ashenzari [......]
Gold:   176        SH:  0    Dex:  9    Spells: 8/8 levels left

rFire   . . .        a - +0 mace
rCold   . . .        (no shield)
rNeg    . . .        k - +0 ring mail
rPois   .            (no helmet)
rElec   .            j - scarf {repulsion}
rCorr   .            (no gloves)
SInv    .            (no barding)
Will    .....        (no amulet) Stlth
                     (no ring)
HPRegen 0.29/turn    (no ring)
MPRegen 0.11/turn

%: repel missiles, roll
@: corroded
A: large, deformed body, tough skin 3, armoured tail, roll 1
a: Renounce Religion, Curse Item


You were on level 4 of the Dungeon.
You worshipped Ashenzari.
Ashenzari was noncommittal.
You visited 2 branches of the dungeon, and saw 5 of its levels.

You collected 176 gold pieces.

Inventory:

Hand Weapons
 a - a +0 mace (weapon)
Missiles
 d - 7 darts of dispersal
 s - a boomerang (quivered)
Armour
 j - a scarf of repulsion (worn)
 k - a +0 ring mail (worn)
Scrolls
 c - a scroll of blinking
 f - 2 scrolls of teleportation {unknown}
 h - a scroll of poison {unknown}
 i - 4 scrolls of identify {unknown}
 n - 2 scrolls of fog {unknown}
 q - 3 scrolls of noise {unknown}
 t - a scroll of immolation {unknown}
Potions
 b - a potion of degeneration {unknown}
 e - 2 potions of curing {unknown}
 g - a potion of attraction {unknown}
 l - 2 potions of cancellation {unknown}
 m - a potion of brilliance {unknown}
 o - a potion of enlightenment {unknown}
 p - a potion of lignification {unknown}
 r - a potion of resistance {unknown}


   Skills:
 * Level 5.2 Fighting
 - Level 1.7 Maces & Flails
 - Level 0.8 Throwing
 - Level 1.2 Armour
 - Level 1.3 Dodging
 - Level 1.7 Spellcasting
 + Level 4.9 Translocations


You had 8 spell levels left.
You didn't know any spells.
Your spell library contained the following spells:

 Spells                   Type           Power      Damage    Failure   Level
 Blink                    Tloc           32%        N/A       9%          2
 Lesser Beckoning         Tloc           32%        N/A       9%          2
 Teleport Other           Tloc           16%        N/A       16%         3
 Manifold Assault         Tloc           16%        N/A       47%         4
 Vhi's Electric Charge    Tloc/Air       16%        N/A       83%         4


Dungeon Overview and Level Annotations

Branches:
Dungeon (4/15)             Temple (1/1) D:4

Altars:
Ashenzari
Cheibriados
Dithmenos
Gozag
Kikubaaqudgha
Makhleb
Qazlal
Ru
Sif Muna
Xom

Annotations:
D:4 1 runed translucent door, Mapenzi's ghost, amateur SpSh


Innate Abilities, Weirdness & Mutations

Armour fits poorly on your strangely shaped body.
You have extremely tough skin. (AC +3)
You have a long armoured tail.
You regenerate magic when rolling toward enemies. (Rampage MPRegen)


Message History

You kill the jelly!
You sock the endoplasm!
You kill the endoplasm!
You see here a +0 dagger.
Press: ? - help, v - describe, . - travel
Here: a jelly The floor.
Unknown command.
There is an open door here.
You close the door.
You start resting.
You hear a slurping noise.
The jelly eats the door!
You hit the jelly. The acid corrodes you!
Your hands burn!
The jelly is moderately wounded.
The jelly hits you but does no damage. The jelly hits you.
You are splashed with acid!
* * * LOW HITPOINT WARNING * * *
You sock the jelly!
Your hands burn!
* * * LOW HITPOINT WARNING * * *
The jelly is heavily wounded.
The jelly closely misses you.
You hit the jelly.
Your hands burn!
* * * LOW HITPOINT WARNING * * *
Your tail-slap misses the jelly.
The jelly is almost dead.
The jelly hits you.
* * * LOW HITPOINT WARNING * * *
You are splashed with acid!
* * * LOW HITPOINT WARNING * * *
You barely miss the jelly. You punch the jelly.
The jelly is almost dead.
The jelly hits you.
* * * LOW HITPOINT WARNING * * *
You are splashed with acid!
* * * LOW HITPOINT WARNING * * *
The jelly hits you.
* * * LOW HITPOINT WARNING * * *
You are splashed with acid.
You die...

##....#
#.......######.#.###..
.#....#
#######........#......
.#....# ###############.
.##...# ###### #. ..)...##
######## #...... #.
#####..####......##'.P..PP
#. ##..##.......#.# ####.
#..'....)...#.# #....
#..'....)..@#J# #.###
##.'....).#J#.# #.#
#.##.....#J#J# #.#
#####....#.#.# #.#
#######.## #># ### #.#
######.# #...##)###
#.#.##....


You could see a jelly and an endoplasm.

Vanquished Creatures
  A phantom (D:4)
  A scorpion (D:4)
  3 bombardier beetles
  A jelly (D:4)
  An iguana (D:4)
  An adder (D:3)
  2 dart slugs
  2 ribbon worms (D:2)
  5 orcs (D:3)
  4 bats
  10 endoplasms
  A giant cockroach (D:2)
  5 goblins
  8 hobgoblins
  8 jackals
  11 kobolds
  A quokka (D:2)
  5 ball pythons
  4 frilled lizards
  8 rats
82 creatures vanquished.

Notes
Turn   | Place    | Note
-------+----------+-------------------------------------------
     0 | D:1      | cdecastro the Armataur Warper began the quest for the Orb.
     0 | D:1      | Reached XP level 1. HP: 17/17 MP: 3/3
    96 | D:1      | Reached skill level 2 in Fighting
   122 | D:1      | Reached XP level 2. HP: 24/24 MP: 4/4
   839 | D:2      | Reached XP level 3. HP: 28/30 MP: 5/5
   970 | D:2      | Reached skill level 3 in Fighting
  1730 | D:3      | You fall into a shaft and drop 1 floor!
  1755 | D:4      | Noticed a scorpion
  1761 | D:4      | Killed a scorpion
  1762 | D:4      | Reached XP level 4. HP: 24/40 MP: 6/6
  1904 | D:4      | Reached skill level 4 in Fighting
  1904 | D:4      | Reached XP level 5. HP: 17/46 MP: 7/7
  2043 | D:3      | Found a broken altar of Ashenzari.
  2246 | D:3      | Became a worshipper of Ashenzari the Shackled
  2272 | D:3      | Found a shimmering blue altar of Sif Muna.
  2828 | D:4      | Reached XP level 6. HP: 52/53 MP: 8/8
  2894 | D:4      | Found a runed translucent door.
  2894 | D:4      | Noticed Mapenzi's ghost (amateur SpSh)
  3003 | D:4      | Reached skill level 5 in Fighting
  3084 | D:4      | Found a staircase to the Ecumenical Temple.
  3093 | Temple   | Entered the Ecumenical Temple
  3345 | D:4      | Splashed by a jelly's acid

Illustrated notes

Levels and vault maps discovered:
D:1:      erik_arrival_orb_chamber, layout_loops_ring
D:2:      layout_loops_cross
D:3:      layout_rooms, ashenzari_altar_1, mainiacjoe_overflow_small_starburst
D:4:      cheibrodos_fertilizer, layout_basic, lemuel_temple_firewalk_a,
          gammafunk_ghost_grave
Temple:   nicolae_temple_two_arcs

Skill      XL: |  1  2  3  4  5  6 |
---------------+-------------------+-----
Fighting       | 2 3 4 5 |  5.2
Translocations | 4 |  4.9
Maces & Flails | |  1.7
Throwing       | |  0.8
Armour         | |  1.2
Dodging        | |  1.3
Spellcasting   | |  1.7

Action                     |  1- 3 |  4- 6 || total
---------------------------+-------+-------++-------
  Melee: Mace              |   137 |   101 ||   238
         Tailslap          |    10 |    22 ||    32
         Punch             |       |     2 ||     2
 Armour: Leather armour    |    31 |       ||    31
         Ring mail         |    65 |    82 ||   147
  Dodge: Dodged            |    57 |    38 ||    95
         Repelled          |     3 |     2 ||     5
